 Dungeon Sprint DCSS version 0.17-a0-1210-g1e4f09d (webtiles) character file.

303 Kidiri the Covert (level 6, -2/35 HPs)
             Began as a Spriggan Assassin on June 3, 2015.
             Was a Believer of Dithmenos.
             Shot with an arrow by a centaur warrior (17 damage)
             ... in the Dungeon (Sprint IX: "|||||||||||||||||||||||||||||").
             The game lasted 00:03:34 (640 turns).

Kidiri the Covert (Spriggan Assassin)                Turns: 640, Time: 00:03:35

Health: -2/35      AC:  5    Str: 10    XL:     6   Next: 15%
Magic:  9/9        EV: 25    Int: 12    God:    Dithmenos [**....]
Gold:   0          SH:  0    Dex: 20    Spells: 0 memorised, 5 levels left

rFire  . . .     SeeInvis +     b - +0 blowgun
rCold  . . .     Clarity  .     c - +0 robe
rNeg   . . .     SustAt   .     (shield restricted)
rPois  .         Gourm    .     (helmet restricted)
rElec  .         Spirit   .     d - +0 cloak
rCorr  .         Warding  .     (gloves unavailable)
rMut   .         NoTele   +     (boots unavailable)
MR     +....                    (no amulet)
Stlth  +++++++...               t - +3 ring of strength
                                u - +2 ring of protection

@: wreathed by umbra, very quick, somewhat resistant to hostile enchantments,
extremely stealthy
A: unfitting armour, see invisible, herbivore 3, speed 3, slow metabolism 2
a: Shadow Step, Renounce Religion


You were in the Dungeon.
You worshipped Dithmenos.
Dithmenos was pleased with you.
You were not hungry.

You visited 1 branch

Inventory:

Hand weapons
 a - a +2 dagger
 b - a +0 blowgun (weapon)
 s - a +2 rapier of electrocution
Missiles
 e - 5 poisoned needles (quivered)
 n - 5 steel tomahawks
Armour
 c - a +0 robe (worn)
 d - a +0 cloak (worn)
Jewellery
 t - a +3 ring of strength (right hand)
 u - a +2 ring of protection (left hand)
Magical devices
 r - a wand of draining (7)
Scrolls
 m - 2 scrolls of blinking
 p - 3 scrolls of remove curse
 q - 2 scrolls of amnesia
Potions
 h - 5 potions of curing
 i - 3 potions of heal wounds
 j - a potion of haste
 k - 4 potions of magic
 l - a potion of berserk rage
 o - a potion of invisibility
Comestibles
 g - a bread ration


   Skills:
 * Level 4.8 Fighting
 * Level 5.8 Short Blades
 * Level 6.3 Throwing
 * Level 8.2 Dodging
 * Level 10.4 Stealth
 + Level 3.1 Invocations


You had 5 spell levels left.
You didn't know any spells.

Dungeon Overview and Level Annotations

Branches:
Dungeon (1/1)

Altars:
Cheibriados
Dithmenos
Elyvilon
Fedhas
Gozag
Kikubaaqudgha
Makhleb
Nemelex Xobeh
Okawaru
Qazlal
Ru
Sif Muna
Trog
Vehumet
Xom
Yredelemnul
Zin
The Shining One
Beogh
Jiyva
Lugonu


Innate Abilities, Weirdness & Mutations

You are tiny and cannot use many weapons and most armour.
You have supernaturally acute eyesight.
You are a herbivore.
You cover ground extremely quickly.
You need consume almost no food.


Message History

You shoot a curare-tipped needle.
The curare-tipped needle barely misses the centaur warrior.
The curare-tipped needle completely misses the giant cockroach zombie.
The curare-tipped needle hits the bat zombie.
The centaur warrior shoots an arrow.
The arrow closely misses you.
Firing (i - inventory. (,) - cycle):
e - 7 poisoned needles (quivered)
Press: ? - help, Shift-Dir - straight line, f/p - centaur warrior
Aim: a centaur warrior, wielding a shortbow (umbra)
You shoot a poisoned needle.
The poisoned needle hits the centaur warrior!
The centaur warrior is poisoned.
Firing (i - inventory. (,) - cycle):
e - 6 poisoned needles (quivered)
Press: ? - help, Shift-Dir - straight line, f/p - centaur warrior
Aim: a centaur warrior, wielding a shortbow (lightly wounded, poisoned, umbra)
You shoot a poisoned needle.
The poisoned needle hits the centaur warrior!
The centaur warrior looks even sicker.
The centaur warrior is lightly wounded.
The centaur warrior shoots an arrow.
The arrow hits you!
You die...

▓[▓
▓.▓
▓.▓
▓(▓
▓.▓
▓†▓
▓)▓
▓.▓
▓@▓
▓(▓
▓c▓
▓Z▓
▓Z▓
▓H▓
▓a▓
▓.▓
▓K▓


You could see a centaur warrior, a manticore, a worker ant, a bat zombie and a
giant cockroach zombie.

Vanquished Creatures
  An ogre (D)
  A wasp (D)
  A centaur (D)
  A crimson imp (D)
  An adder (D)
  An adder skeleton (D)
  An orc (D)
  A goblin (D)
  2 hobgoblins (D)
  2 giant newts (D)
  A kobold (D)
  A quokka skeleton (D)
  2 rats (D)
16 creatures vanquished.

Notes
Turn   | Place    | Note
--------------------------------------------------------------
     0 | D        | Kidiri the Spriggan Assassin began the quest for the Orb.
     0 | D        | Reached XP level 1. HP: 10/10 MP: 2/2
     7 | D        | Reached skill level 6 in Stealth
    20 | D        | Reached skill level 1 in Short Blades
   254 | D        | Reached XP level 2. HP: 5/15 MP: 3/3
   265 | D        | Reached skill level 7 in Stealth
   515 | D        | Found a glowing silver altar of Zin.
   515 | D        | Found a glowing golden altar of the Shining One.
   515 | D        | Found an ancient bone altar of Kikubaaqudgha.
   515 | D        | Found a basalt altar of Yredelemnul.
   515 | D        | Found a shimmering altar of Xom.
   515 | D        | Found a radiant altar of Vehumet.
   516 | D        | Found an iron altar of Okawaru.
   517 | D        | Found a burning altar of Makhleb.
   518 | D        | Found a deep blue altar of Sif Muna.
   519 | D        | Found a bloodstained altar of Trog.
   520 | D        | Found a sparkling altar of Nemelex Xobeh.
   521 | D        | Found a white marble altar of Elyvilon.
   522 | D        | Found a roughly hewn altar of Beogh.
   523 | D        | Found a viscous altar of Jiyva.
   524 | D        | Found a corrupted altar of Lugonu.
   525 | D        | Found a blossoming altar of Fedhas.
   526 | D        | Found a snail-covered altar of Cheibriados.
   527 | D        | Found a shadowy altar of Dithmenos.
   528 | D        | Found a stormy altar of Qazlal.
   529 | D        | Found an opulent altar of Gozag.
   530 | D        | Found a sacrificial altar of Ru.
   535 | D        | Became a worshipper of Dithmenos the Shadowed
   558 | D        | Noticed a crimson imp
   558 | D        | Noticed a wasp
   558 | D        | Noticed an ogre
   558 | D        | Noticed a centaur
   560 | D        | Killed a crimson imp
   560 | D        | Reached skill level 1 in Invocations
   560 | D        | Reached XP level 3. HP: 20/20 MP: 4/4
   562 | D        | Killed a wasp
   562 | D        | Reached skill level 5 in Throwing
   562 | D        | Reached skill level 8 in Stealth
   562 | D        | Reached XP level 4. HP: 23/25 MP: 4/6
   570 | D        | Reached skill level 9 in Stealth
   588 | D        | Killed an ogre
   588 | D        | Reached skill level 5 in Short Blades
   588 | D        | Reached XP level 5. HP: 27/30 MP: 5/8
   591 | D        | Killed a centaur
   591 | D        | Acquired Dithmenos's first power
   591 | D        | Reached skill level 10 in Stealth
   591 | D        | Reached XP level 6. HP: 31/35 MP: 6/9
   633 | D        | Noticed a centaur warrior
   633 | D        | Noticed a manticore
   633 | D        | Noticed a worker ant
   633 | D        | Noticed a big kobold
   640 | D        | Shot with an arrow by a centaur warrior

Vault maps used:
D:        linesprint

Action                   |  1- 3 |  4- 6 || total
-------------------------+-------+-------++-------
Melee: Dagger            |    22 |     1 ||    23
       Rapier            |       |     3 ||     3
 Fire: Blowgun           |     9 |    11 ||    20
 Stab: Sleeping          |     4 |       ||     4
